 Dungeon Crawl Stone Soup version 0.30-a0-12-gd8047c6341 (webtiles) character file.

Game seed: 125915522997580294

8 greasedhog the Magician (level 2, 0/16 HPs)
             Began as a Gargoyle Wanderer on Aug 23, 2022.
             Slain by a bat (1 damage)
             ... on level 1 of the Dungeon.
             The game lasted 00:00:28 (183 turns).

greasedhog the Magician (Gargoyle Wanderer)          Turns: 183, Time: 00:00:29

Health: 0/16       AC:  5    Str: 13    XL:     2   Next: 8%
Magic:  8/8        EV: 11    Int: 11    God:
Gold:   19         SH:  0    Dex: 12    Spells: 10/11 levels left

rFire   . . .      SeeInvis .    a - +0 long sword
rCold   . . .      Faith    .    (no shield)
rNeg    + . .      Spirit   .    d - +0 leather armour
rPois   ∞          Reflect  .    (no helmet)
rElec   +          Harm     .    (no cloak)
rCorr   .          Rampage  .    (no gloves)
Will    .....                    (no boots)
Stlth   +.........               (no amulet)
HPRegen 0.05/turn                (no ring)
MPRegen 0.11/turn                (no ring)

@: no status effects
A: sickness immunity, AC +2, negative energy resistance 1, electricity
resistance, torment resistance 1, petrification resistance
a: no special abilities


You were on level 1 of the Dungeon.
You visited 1 branch of the dungeon, and saw 1 of its levels.

You collected 19 gold pieces.

Inventory:

Hand Weapons
 a - a +0 long sword (weapon)
Armour
 d - a +0 leather armour (worn)
Scrolls
 c - a scroll of butterflies
 e - a scroll of identify {unknown}
Miscellaneous
 b - a piece from Xom's chessboard (13/15)


   Skills:
 * Level 1.0 Fighting
 * Level 2.1 Long Blades
 + Level 1.1 Dodging
 - Level 5.0 Spellcasting
 - Level 1.7 Evocations


You had 10 spell levels left.
You knew the following spells:

 Your Spells              Type           Power      Damage    Failure   Level
a - Freeze                Ice            8%         1d3       26%         1

Your spell library contained the following spells:

 Spells                   Type           Power      Damage    Failure   Level
 Frozen Ramparts          Ice            4%         1d1       63%         3


Dungeon Overview and Level Annotations

Branches:
Dungeon (1/15)

Altars:


Innate Abilities, Weirdness & Mutations

You are immune to sickness and miasma.
Your stone body is resilient. (AC +2)
You are immune to poison.
You resist negative energy. (rN+)
You are resistant to electric shocks. (rElec)
You are resistant to unholy torment.
You are immune to petrification.


Message History

You barely miss the frilled lizard. The bat closely misses you.
The frilled lizard bites you but does no damage.
The frilled lizard barely misses you.
You miss the frilled lizard. The bat barely misses you.
The frilled lizard bites you.
You barely miss the frilled lizard. The bat closely misses you.
The frilled lizard bites you but does no damage.
A kobold comes into view. It is wielding a +0 whip.
You closely miss the frilled lizard.
The kobold shouts!
The bat misses you. The frilled lizard bites you.
The frilled lizard closely misses you. The bat barely misses you.
You miss the frilled lizard. You punch the frilled lizard.
You kill the frilled lizard!
The bat hits you but does no damage. The bat barely misses you.
You closely miss the bat. The bat closely misses you. x2
The kobold throws a stone.
The stone hits you.
You make a move on Xom's chessboard...
The bat twists and deforms.
The bat barely misses you.
The kobold throws a stone.
The stone hits you but does no damage.
Unknown command.
You make a move on Xom's chessboard...
The kobold struggles to resist.
The bat closely misses you. The bat hits you but does no damage.
The kobold throws a stone.
The stone closely misses you.
Unknown command.
The bat closely misses you. The kobold hits you with a +0 whip.
* * * LOW HITPOINT WARNING * * *
You closely miss the kobold. The bat hits you but does no damage. x2
The kobold hits you but does no damage.
You barely miss the kobold. The bat hits you.
* * * LOW HITPOINT WARNING * * *
The bat closely misses you. The bat hits you.
* * * LOW HITPOINT WARNING * * *
The kobold hits you but does no damage. The kobold closely misses you.
Unknown command.
You aren't carrying any potions.
You closely miss the kobold. The bat closely misses you.
The bat hits you but does no damage. The kobold hits you but does no damage.
The bat hits you.
You die...

#.># #...... #.##
#....# ...# #)...#
.).# #....#
#############....#
###..............####
............####....#
#############
#b##..... #@# ...#
#..K# .## #..... ..
#....... . #.......$
#?....!..# .........#
###.....###


You could see a bat (misshapen) and a kobold.

Vanquished Creatures
  A bat (D:1)
  An endoplasm (D:1)
  2 goblins (D:1)
  2 ball pythons (D:1)
  A frilled lizard (D:1)
7 creatures vanquished.

Notes
Turn   | Place    | Note
-------+----------+-------------------------------------------
     0 | D:1      | greasedhog the Gargoyle Wanderer began the quest for the
                  | Orb.
     0 | D:1      | greasedhog set off with the following items: a +0 long
                  | sword, a piece from Xom's chessboard (15/15), a scroll of
                  | butterflies, a +0 leather armour; and the following spell
                  | memorised: Freeze; and the following spells available to
                  | memorise: Frozen Ramparts.
     0 | D:1      | Reached XP level 1. HP: 10/10 MP: 6/6
   170 | D:1      | Reached skill level 1 in Fighting
   170 | D:1      | Reached XP level 2. HP: 8/16 MP: 8/8
   183 | D:1      | Slain by a bat

Illustrated notes

Levels and vault maps discovered:
D:1:      dpeg_arrival_renting, layout_rooms,
          shapermc_ecumenical_altar_notcrosses

Skill      XL: |  1 |
---------------+----+-----
Long Blades    | 2 |  2.1
Fighting       | 1 |  1.0
Dodging        | |  1.1
Spellcasting   | |  5.0
Evocations     | |  1.7

Action                   || total
-------------------------++-------
Melee: Long sword        ||    27
       Punch             ||     1
Evoke: Piece from Xom's  ||     2
Armor: Leather armour    ||    19
Dodge: Dodged            ||    29

Table legend: (Time is in decaauts)
 A = Elapsed time spent in this place.
 B = Non-inter-level travel time spent in this place.
 C = Inter-level travel time spent in this place.
 D = Time resting spent in this place.
 E = Time spent auto-exploring this place.
 F = Levels seen in this place.
 G = Mean time per level.
                   A        B        C        D        E       F      G
               +--------+--------+--------+--------+--------+-----+--------+
         Total |    191 |    191 |      0 |      0 |    139 |   1 |  191.0 |
       Dungeon |    191 |    191 |      0 |      0 |    139 |   1 |  191.0 |
               +--------+--------+--------+--------+--------+-----+--------+

Top non-repeatable levels by time:
     D:1: 191 daAuts
